 Dungeon Crawl Stone Soup version 0.15-a0-2291-g2252c12 (webtiles) character file.

4473 zercules the Fighter (level 10, -5/119 HPs)
             Began as an Ogre Berserker on July 27, 2014.
             Was a High Priest of Trog.
             Slain by a troll (7 damage)
             ... on Level 9 of the Dungeon.
             The game lasted 00:30:16 (7736 turns).

zercules the Fighter (Ogre Berserker)               Turns: 7736, Time: 00:30:16

HP  -5/119       AC  5     Str 27      XL: 10   Next: 38%
MP  10/10        EV 10     Int  6      God: Trog [*****.]
Gold 630         SH  0     Dex  9      Spells:  0 memorised,  9 levels left

rFire  . . .     SeeInvis .     F - +0 giant spiked club
rCold  . . .     Clarity  .     b - +0 animal skin
rNeg   . . .     rCorr    .     (shield restricted)
rPois  .         rRot     .     (helmet restricted)
rElec  .         Spirit   .     o - +1 cloak {+Inv}
SustAb .         Warding  .     (gloves unavailable)
rMut   .         Stasis   .     (boots unavailable)
Gourm  .                        (no amulet)
MR     +....                    (no ring)
                                g - ring of flight

@: hasted, very quick, somewhat resistant to hostile enchantments, very
unstealthy
A: unfitting armour, tough skin 1
a: Burn Spellbooks, Berserk, Trog's Hand, Brothers in Arms, Renounce Religion,
Evoke Invisibility, Evoke Flight


You were on level 9 of the Dungeon.
You worshipped Trog.
Trog was extremely pleased with you.
You were not hungry.

You visited 1 branch of the dungeon, and saw 9 of its levels.

You collected 630 gold pieces.


Innate Abilities, Weirdness & Mutations

You are too large for most types of armour.
You have tough skin (AC +1).


   Skills:
 + Level 13.5 Fighting
 + Level 13.5 Maces & Flails
 - Level 3.7 Dodging


You had 9 spell levels left.
You didn't know any spells.

Dungeon Overview and Level Annotations

Branches:
Dungeon (9/15)             Temple (0/1) D:6             Orc (0/4) D:9
   Lair (0/8) D:9

Altars:
Cheibriados
Gozag
Vehumet
Yredelemnul
The Shining One

Shops:
D:5 [   D:7 **[   D:9 :

Inventory:

Hand weapons
 a - a +0 mace
 l - a +1 hammer of crushing
   (You found it on level 3 of the Dungeon)
 p - a +3 morningstar
 q - a +0 blowgun
 t - a +0 mace
 u - a +2 mace of holy wrath
   (You took it off an orc on level 4 of the Dungeon)
 F - a +0 giant spiked club (weapon)
 M - a +0 club
Missiles
 r - 12 poisoned needles
Armour
 b - a +0 animal skin (worn)
 o - a +1 cloak of darkness (worn)
   (You took it off Crazy Yiuf on level 3 of the Dungeon)
Magical devices
 y - a wand of magic darts (11)
 E - a wand of slowing (17) {unknown}
Comestibles
 c - 4 meat rations
 z - 3 bread rations
 G - 2 rotting chunks of orc flesh {@w1}
Scrolls
 d - 7 scrolls of identify {@r9}
 e - 3 scrolls of remove curse {@r8}
 h - 2 scrolls of enchant weapon {unknown}
 i - 2 scrolls of recharging {unknown}
 k - a scroll of fear {unknown}
 A - a scroll of random uselessness {unknown}
 D - a scroll of amnesia {unknown}
 H - a scroll of enchant armour {unknown}
 K - a scroll of immolation {unknown}
 L - a scroll of magic mapping {unknown}
Jewellery
 g - a ring of flight (left hand)
 x - a cursed ring of teleportation {unknown}
 C - an uncursed amulet of resist corrosion {unknown}
 J - a +2 ring of protection {unknown}
Potions
 f - 2 potions of brilliance {unknown}
 j - a potion of mutation {unknown}
 m - a potion of resistance {unknown}
 n - 2 potions of curing {@q1}
 s - 2 potions of haste {@q3}
 v - 3 potions of agility {unknown}
 w - 2 potions of invisibility {unknown}
 B - a potion of restore abilities {unknown}
 I - a potion of cancellation {unknown}
 N - a potion of magic {unknown}

### ..# ####.# #
..#.# #. #.#r# .
#.#@# # #T#Z# #
#.#.# # #.####
#.#.# ##
#.....####.#.#
'#.#.######.....#.#
##.#.......######.#
.#.########.......#
##.........########


You could see a troll, a troll zombie and a quokka.


Message History

The giant frog closely misses you. The giant frog hits you.
You impale the giant frog!!
You kill the giant frog!
Trog accepts your kill.
You smell decay.
Yuck! (slot G) No target in view!
O - a large rock
Found a hand axe.
An iguana comes into view.
The iguana hisses angrily.
An iguana is nearby!
Throwing (i - inventory):
O - a large rock (quivered)
Aim: an iguana You throw a large rock.
The large rock closely misses the iguana.
The iguana bites you!
You hit the iguana.
The iguana is heavily wounded.
The iguana bites you.
You closely miss the iguana.
The iguana is heavily wounded.
The iguana bites you!
* * * LOW HITPOINT WARNING * * *
You impale the iguana!!
You kill the iguana!
Trog accepts your kill.
No target in view!
O - a large rock An orc wizard comes into view.
It is wielding a dagger.
Throwing (i - inventory):
O - a large rock (quivered)
Aim: an orc wizard, wielding a dagger and wearing a robe (hasn't noticed you)
You throw a large rock. The large rock hits the orc wizard!
You kill the orc wizard!
Trog accepts your kill.
Trog appreciates your killing of a magic user.
No target in view!
No target in view!
A quokka comes into view.
A quokka is nearby!
A troll zombie comes into view.
You impale the troll zombie!! The quokka bites you. The troll zombie bites you.
The troll zombie claws you!
* * * LOW HITPOINT WARNING * * *
The troll zombie claws you.
* * * LOW HITPOINT WARNING * * *
A troll comes into view.
You barely miss the troll. The quokka bites you.
* * * LOW HITPOINT WARNING * * *
The troll bites you!!
* * * LOW HITPOINT WARNING * * *
The troll claws you!
* * * LOW HITPOINT WARNING * * *
The troll claws you!
* * * LOW HITPOINT WARNING * * *
The quokka closely misses you. The troll zombie barely misses you.
The troll zombie claws you but does no damage.
The troll zombie claws you!
* * * LOW HITPOINT WARNING * * *
Drink which item? (? for menu, Esc to quit)
Okay, then.
Read which item? (? for menu, Esc to quit)
Okay, then.
Drink which item? (? for menu, Esc to quit)
Okay, then.
Read which item? (? for menu, Esc to quit)
Okay, then.
Drink which item? (? for menu, Esc to quit)
You feel yourself speed up.
It was a potion of haste.
The quokka barely misses you. The troll bites you!
You die...

Action                   |  1- 3 |  4- 6 |  7- 9 | 10-12 || total
-------------------------+-------+-------+-------+-------++-------
Melee: Mace              |    95 |    71 |     2 |       ||   168
       Hammer            |       |   171 |    97 |       ||   268
       Morningstar       |       |       |   124 |       ||   124
       Giant spiked club |       |       |    26 |    77 ||   103
Throw: Large rock        |       |       |     3 |    16 ||    19
Invok: Berserk           |     2 |     4 |     3 |     2 ||    11
Evoke: Wand              |       |       |     3 |       ||     3
  Use: Scroll            |       |     2 |       |       ||     2
       Potion            |       |     1 |       |     1 ||     2
  Eat: Chunk             |     3 |     4 |     3 |     2 ||    12
       Pizza             |     1 |       |       |       ||     1
       Beef jerky        |       |     1 |     1 |       ||     2
       Bread ration      |       |     1 |     1 |     1 ||     3
       Fruit             |       |       |     2 |       ||     2
       Meat ration       |       |       |     1 |       ||     1

Vault maps used:
D:1:      elethiomel_arrival_shortcut, serial_bayou_pond_e
D:2:      first_bread
D:3:      lemuel_crystal_altar, uniq_crazy_yiuf_cottage
D:4:      uniq_iyjb, uniq_sigmund
D:5:      kennysheep_little_box, serial_shops, shop
D:6:      kennysheep_mini_moat, minmay_temple_entry_trees, kb_rosetta
D:7:      nicolae_overflow_hidden_temple, serial_shops, kennysheep_mini, shop,
          nicolae_shop_stone
D:8:      lemuel_doored_altar, basic_altar
D:9:      minmay_distorted_concentric_squares, hiddenorc2_lemuel, serial_shops,
          nicolae_shop_statue_plus, shop, hangedman_ranch,
          eino_house_with_fridge

Notes
Turn   | Place    | Note
--------------------------------------------------------------
     0 | D:1      | zercules, the Ogre Berserker, began the quest for the Orb.
     0 | D:1      | Reached XP level 1. HP: 24/24 MP: 1/1
   270 | D:1      | Reached skill level 3 in Dodging
   738 | D:2      | Reached XP level 2. HP: 29/32 MP: 2/2
   810 | D:2      | Reached XP level 3. HP: 28/40 MP: 3/3
  1446 | D:3      | Reached XP level 4. HP: 29/49 MP: 4/4
  1465 | D:3      | Acquired Trog's second power
  1619 | D:3      | Reached skill level 5 in Maces & Flails
  1744 | D:3      | Reached skill level 5 in Fighting
  1769 | D:3      | HP: 11/50 [worm (9)]
  2068 | D:3      | Reached XP level 5. HP: 41/57 MP: 5/5
  2277 | D:3      | Noticed Crazy Yiuf
  2283 | D:3      | Killed Crazy Yiuf
  2362 | D:3      | Found a snail-covered altar of Cheibriados.
  2642 | D:4      | Reached skill level 6 in Fighting
  2675 | D:4      | Noticed Ijyb
  2695 | D:4      | Killed Ijyb
  2762 | D:4      | Reached skill level 6 in Maces & Flails
  2762 | D:4      | Reached XP level 6. HP: 53/68 MP: 6/6
  2803 | D:4      | HP: 17/68 [scorpion (1)]
  3458 | D:4      | Reached skill level 7 in Fighting
  3557 | D:4      | Reached skill level 7 in Maces & Flails
  3647 | D:4      | Noticed Sigmund
  3656 | D:4      | Killed Sigmund
  3656 | D:4      | Reached XP level 7. HP: 78/78 MP: 7/7
  3685 | D:5      | Entered Level 5 of the Dungeon
  3820 | D:5      | Acquired Trog's third power
  4049 | D:5      | Found Klob's Armour Shop.
  4421 | D:5      | Found a radiant altar of Vehumet.
  4580 | D:6      | Found an opulent altar of Gozag.
  4606 | D:6      | Noticed sargx's ghost (experienced MfBe)
  4620 | D:6      | Killed sargx's ghost
  4620 | D:6      | Reached skill level 9 in Fighting
  4620 | D:6      | Reached skill level 9 in Maces & Flails
  4620 | D:6      | Reached XP level 8. HP: 36/92 MP: 8/8
  4903 | D:6      | Reached skill level 10 in Fighting
  4950 | D:6      | Found a staircase to the Ecumenical Temple.
  5022 | D:6      | Reached skill level 10 in Maces & Flails
  5299 | D:6      | Noticed a hill giant
  5305 | D:6      | Killed a hill giant
  5305 | D:6      | Reached skill level 11 in Fighting
  5305 | D:6      | Reached skill level 11 in Maces & Flails
  5305 | D:6      | Reached XP level 9. HP: 95/105 MP: 9/9
  5611 | D:6      | Noticed a hungry ghost
  5617 | D:6      | Killed a hungry ghost
  5866 | D:7      | Found Rak Soco's General Store.
  6028 | D:7      | Reached skill level 12 in Fighting
  6028 | D:7      | Reached skill level 12 in Maces & Flails
  6034 | D:7      | Found Yraef's Assorted Antiques.
  6131 | D:7      | Noticed a centaur skeleton
  6139 | D:7      | Killed a centaur skeleton
  6166 | D:7      | Found Pruig's Antique Armour Emporium.
  6434 | D:8      | Found a glowing golden altar of the Shining One.
  6456 | D:8      | Reached XP level 10. HP: 98/118 MP: 10/10
  6611 | D:8      | Found a basalt altar of Yredelemnul.
  6797 | D:8      | Reached skill level 13 in Fighting
  6797 | D:8      | Reached skill level 13 in Maces & Flails
  7238 | D:9      | Found a staircase to the Lair.
  7238 | D:9      | Found Osuas' Book Emporium.
  7618 | D:9      | Found a staircase to the Orcish Mines.
  7735 | D:9      | HP: 25/119 [troll (19)]
  7735 | D:9      | HP: 9/119 [troll (7)]
  7735 | D:9      | HP: 2/119 [troll zombie (7)]
  7736 | D:9      | Slain by a troll

Vanquished Creatures
  The ghost of sargx the Impaler, an experienced MfBe of Trog (D:6)
  A hill giant (D:6)
  2 centaur skeletons
  2 hungry ghosts
  5 orc warriors
  A sky beast (D:7)
  An ogre (D:7)
  A phantom (D:6)
  3 giant frogs
  A crocodile (D:9)
  Sigmund (D:4)
  A scorpion (D:4)
  A killer bee (D:6)
  10 wights
  A crimson imp (D:7)
  A goliath beetle (D:6)
  Crazy Yiuf (D:3)
  2 jellies
  4 orc priests
  A giant frog skeleton (D:6)
  3 orc wizards
  4 iguanas
  4 hounds
  3 worker ants
  An ogre skeleton (D:7)
  Ijyb (D:4)
  A mummy (D:6)
  6 gnolls
  13 adders
  A giant mite (D:6)
  3 shadow imps
  5 worms
  An iguana skeleton (D:7)
  An adder skeleton (D:7)
  3 giant geckos
  28 orcs
  3 bat zombies
  7 giant cockroaches
  14 hobgoblins
  8 jackals
  12 kobolds
  2 quokkas
  14 bats
  5 giant newts
  14 goblins
  A hobgoblin zombie (D:8)
  6 rats
205 creatures vanquished.
